 Dungeon Crawl Stone Soup version 0.21.1-1-g345015f (webtiles) character file.

2485 Flooderbenga the Reanimator (level 9, -4/97 HPs)
             Began as a Gnoll Necromancer on Apr 10, 2018.
             Was a Believer of Cheibriados (penitent).
             Slain by a six-headed hydra (9 damage)
             ... on level 2 of the Lair of Beasts.
             The game lasted 01:04:01 (2511 turns).

Flooderbenga the Reanimator (Gnoll Necromancer)     Turns: 2511, Time: 01:04:02

Health: -4/97      AC:  7    Str: 17    XL:     9   Next: 52%
Magic:  13/18      EV: 15    Int: 20    God:    Cheibriados [*]
Gold:   101        SH: 13    Dex: 15    Spells: 11/21 levels left

rFire    + . .     SeeInvis .   d - +2 dagger (venom)
rCold    . . .     Gourm    .   L - +2 buckler
rNeg     . . .     Faith    .   K - +1 leather armour of Ata Jown {+Fly rF+}
rPois    .         Spirit   .   (no helmet)
rElec    .         Reflect  +   (no cloak)
rCorr    .         Harm     .   n - +2 pair of gloves
MR       .....                  (no boots)
Stlth    ..........             x - +6 amulet of reflection
HPRegen  0.26/turn              (no ring)
MPRegen  0.16/turn              (no ring)

@: berserking, very slightly contaminated, very slow
A: distributed training, fangs 1, strong nose
a: Renounce Religion, Evoke Flight


You were on level 2 of the Lair of Beasts.
You worshipped Cheibriados.
Cheibriados was demanding penance.
You were very hungry.

You visited 2 branches of the dungeon, and saw 12 of its levels.

You collected 303 gold pieces.
You spent 202 gold pieces at shops.

Inventory:

Hand Weapons
 d - a +2 dagger of venom (weapon)
 m - a +0 trident
 y - a +0 shortbow
Missiles
 f - 23 stones (quivered)
 g - 5 javelins
 h - 33 arrows
 j - 7 steel javelins
 l - 7 needles of sleeping
 o - 6 needles of confusion
Armour
 a - a +0 robe
 n - a +2 pair of gloves (worn)
 C - a +3 leather armour
 E - a +1 leather armour of positive energy
 K - the +1 leather armour of Ata Jown (worn) {+Fly rF+}
   (You found it on level 7 of the Dungeon)

   It protects you from fire.
   It lets you fly.
 L - a +2 buckler (worn)
Jewellery
 v - an uncursed amulet of harm
 x - a +6 amulet of reflection (around neck)
Wands
 e - a wand of paralysis (11)
 s - a wand of enslavement (18) {@v5}
 D - a wand of disintegration (12)
 H - a wand of flame (53)
Scrolls
 k - 3 scrolls of remove curse {@r2}
 r - a scroll of identify {@r1}
Potions
 q - a potion of curing {@q1}
 t - 3 potions of lignification {unknown}
 u - a potion of heal wounds {@q2}
 w - a potion of brilliance {unknown}
 A - 4 potions of mutation {unknown}
 B - a potion of haste {unknown}
Books
 b - a book of Necromancy

   Spells                             Type                      Level
   a - Pain                           Necromancy                   1
   b - Animate Skeleton               Necromancy                   1
   c - Vampiric Draining              Necromancy                   3
   d - Regeneration                   Charms/Necromancy            3
   e - Animate Dead                   Necromancy                   4
   f - Borgnjor's Vile Clutch         Necromancy/Earth             5
 F - a book of Party Tricks

   Spells                             Type                      Level
   a - Summon Butterflies             Summoning                    1
   b - Apportation                    Translocation                1
   c - Lesser Beckoning               Translocation                3
   d - Tukima's Dance                 Hexes                        3
   e - Alistair's Intoxication        Transmutation/Poison         5
   f - Invisibility                   Hexes                        6
Comestibles
 c - 14 rations


   Skills:
 + Level 4.2 Fighting
 + Level 4.2 Short Blades
 + Level 4.2 Long Blades
 + Level 4.2 Axes
 + Level 4.2 Maces & Flails
 + Level 4.2 Polearms
 + Level 4.2 Staves
 + Level 4.2 Slings
 + Level 4.2 Bows
 + Level 4.2 Crossbows
 + Level 4.2 Throwing
 + Level 4.2 Armour
 + Level 6.3 Dodging
 + Level 6.0 Stealth
 + Level 4.2 Shields
 + Level 4.2 Unarmed Combat
 + Level 6.6 Spellcasting
 + Level 3.5 Conjurations
 + Level 3.5 Hexes
 + Level 3.5 Charms
 + Level 3.5 Summonings
 + Level 8.0 Necromancy
 + Level 3.5 Translocations
 + Level 3.5 Transmutations
 + Level 3.5 Fire Magic
 + Level 3.5 Ice Magic
 + Level 3.5 Air Magic
 + Level 3.5 Earth Magic
 + Level 3.5 Poison Magic
 + Level 4.6 Invocations
 + Level 4.2 Evocations


You had 11 spell levels left.
You knew the following spells:

 Your Spells              Type           Power        Failure   Level  Hunger
a - Pain                  Necr           ####         1%          1    None
c - Borgnjor's Vile Clut  Necr/Erth      ####......   30%         5    #####..
r - Regeneration          Chrm/Necr      ####......   3%          3    #......
z - Animate Skeleton      Necr           N/A          1%          1    None


Dungeon Overview and Level Annotations

Branches:
Dungeon (10/15)            Temple (0/1) D:6            Lair (2/6) D:9
  Swamp: Lair:2-4    Shoals: Lair:2-4     Snake: Lair:2-4    Spider: Lair:2-4
    Orc: D:9-12

Altars:
Cheibriados
Elyvilon
Gozag
Nemelex Xobeh
Okawaru
Sif Muna
Trog
Vehumet
Xom

Shops:
D:6 [

Annotations:
D:5 empire's ghost, novice GnGl
D:6 empire's ghost, novice GnGl
Lair:1 bosm's ghost, journeyman OpTm


Innate Abilities, Weirdness & Mutations

Your experience applies equally to all skills.
You have very sharp teeth.
Your uncanny sense of smell can sniff out nearby items.


Message History

The komodo dragon barely misses you.
You now have 22/97 hp.
You barely miss the six-headed hydra. The porcupine closely misses you.
The six-headed hydra bites you!
* * * LOW HITPOINT WARNING * * *
The six-headed hydra bites you.
* * * LOW HITPOINT WARNING * * *
The six-headed hydra closely misses you.
The six-headed hydra misses you.
The six-headed hydra bites you but does no damage.
You block the six-headed hydra's attack.
You block the komodo dragon's attack.
You take 10 damage, and have 12/97 hp.
You puncture the six-headed hydra! The porcupine bites you!
* * * LOW HITPOINT WARNING * * *
You block the six-headed hydra's attack.
The six-headed hydra bites you but does no damage.
You block the six-headed hydra's attack.
The six-headed hydra bites you!
You die...

##
.#############.P#
.......D@........
.......rl........
.................
.................
.................
.................
..........P.###..
.##.#.....### .
##......#


You could see a six-headed hydra, a komodo dragon and a porcupine.

Vanquished Creatures
  A spiny frog (Lair:2)
  A hippogriff (D:7)
  A spriggan (D:7)
  Menkaure (D:7)
  2 orc warriors
  A sky beast (D:7)
  An ogre (D:6)
  2 centaurs
  A crocodile (Lair:1)
  2 bullfrogs
  A scorpion (D:5)
  3 killer bees (D:9)
  4 wights (D:8)
  2 hounds
  A centaur skeleton (D:4)
  3 orc priests
  4 orc wizards
  4 worker ants
  A hound skeleton (D:4)
  4 adders
  A dart slug (D:1)
  2 leopard geckos
  11 orcs
  A giant cockroach (D:5)
  3 goblins
  4 hobgoblins
  5 jackals
  3 quokkas
  6 bats
  A frilled lizard (D:1)
  A jackal skeleton (D:8)
  5 kobolds
  A quokka skeleton (D:6)
  2 rats
86 creatures vanquished.

Vanquished Creatures (collateral kills)
  A hippogriff (Lair:1)
  2 crimson imps
  A hound (D:6)
  A rat (D:3)
5 creatures vanquished.

Vanquished Creatures (others)
  An orc (D:7)
  12 bushes (Lair:1)
  2 fungi
15 creatures vanquished.

Grand Total: 106 creatures vanquished

Notes
Turn   | Place    | Note
-------+----------+-------------------------------------------
     0 | D:1      | Flooderbenga the Gnoll Necromancer began the quest for the Orb.
     0 | D:1      | Reached XP level 1. HP: 13/13 MP: 6/6
    31 | D:1      | Learned a level 1 spell: Animate Skeleton
    60 | D:1      | Reached XP level 2. HP: 12/19 MP: 2/7
   292 | D:3      | Reached skill level 5 in Spellcasting
   292 | D:3      | Reached XP level 3. HP: 9/25 MP: 3/9
   297 | D:3      | Learned a level 3 spell: Regeneration
   401 | D:3      | Found a snail-covered altar of Cheibriados.
   406 | D:3      | Became a worshipper of Cheibriados the Contemplative
   440 | D:3      | Reached skill level 1 in Invocations
   543 | D:4      | Reached skill level 1 in Fighting
   543 | D:4      | Reached skill level 1 in Short Blades
   543 | D:4      | Reached skill level 1 in Long Blades
   543 | D:4      | Reached skill level 1 in Axes
   543 | D:4      | Reached skill level 1 in Maces & Flails
   543 | D:4      | Reached skill level 1 in Polearms
   543 | D:4      | Reached skill level 1 in Staves
   543 | D:4      | Reached skill level 1 in Slings
   543 | D:4      | Reached skill level 1 in Bows
   543 | D:4      | Reached skill level 1 in Crossbows
   543 | D:4      | Reached skill level 1 in Throwing
   543 | D:4      | Reached skill level 1 in Armour
   543 | D:4      | Reached skill level 1 in Shields
   543 | D:4      | Reached skill level 1 in Unarmed Combat
   543 | D:4      | Reached skill level 1 in Evocations
   569 | D:4      | Reached XP level 4. HP: 17/32 MP: 6/11
   601 | D:4      | Reached skill level 1 in Conjurations
   601 | D:4      | Reached skill level 1 in Hexes
   601 | D:4      | Reached skill level 1 in Charms
   601 | D:4      | Reached skill level 1 in Summonings
   601 | D:4      | Reached skill level 1 in Translocations
   601 | D:4      | Reached skill level 1 in Transmutations
   601 | D:4      | Reached skill level 1 in Fire Magic
   601 | D:4      | Reached skill level 1 in Ice Magic
   601 | D:4      | Reached skill level 1 in Air Magic
   601 | D:4      | Reached skill level 1 in Earth Magic
   601 | D:4      | Reached skill level 1 in Poison Magic
   605 | D:4      | Found a white marble altar of Elyvilon.
   693 | D:4      | Reached XP level 5. HP: 35/37 MP: 9/12
   717 | D:4      | Learned a level 5 spell: Borgnjor's Vile Clutch
   849 | D:5      | Entered Level 5 of the Dungeon
   855 | D:5      | Reached XP level 6. HP: 42/44 MP: 9/13
   976 | D:6      | Found Xigyt's Antique Armour Boutique.
   993 | D:6      | Reached skill level 5 in Dodging
  1023 | D:6      | Reached * piety under Cheibriados
  1049 | D:6      | Found a staircase to the Ecumenical Temple.
  1054 | D:6      | Noticed empire's ghost (novice GnGl)
  1074 | D:5      | Noticed empire's ghost (novice GnGl)
  1148 | D:7      | Noticed Menkaure
  1152 | D:7      | Killed Menkaure
  1152 | D:7      | Reached XP level 7. HP: 50/50 MP: 9/15
  1240 | D:7      | Noticed a spriggan baker
  1242 | D:7      | Killed a spriggan baker
  1242 | D:7      | Reached skill level 5 in Stealth
  1286 | D:8      | Found an iron altar of Okawaru.
  1344 | D:8      | Found a shimmering altar of Xom.
  1344 | D:8      | Noticed a deep elf mage
  1430 | D:8      | Reached XP level 8. HP: 44/57 MP: 1/16
  1698 | D:9      | Reached ** piety under Cheibriados
  1778 | D:8      | Found a bloodstained altar of Trog.
  2113 | D:7      | Noticed a hippogriff
  2118 | D:7      | Killed a hippogriff
  2118 | D:7      | Reached XP level 9. HP: 65/65 MP: 12/18
  2137 | D:7      | Found a radiant altar of Vehumet.
  2159 | D:7      | Got a pitted leather armour
  2170 | D:7      | Identified the cursed +1 leather armour of Ata Jown {+Fly rF+} (You found it on level 7 of the Dungeon)
  2190 | D:6      | Found a deep blue altar of Sif Muna.
  2190 | D:6      | Found a sparkling altar of Nemelex Xobeh.
  2191 | D:6      | Found an opulent altar of Gozag.
  2240 | D:6      | Bought a runed buckler for 202 gold pieces
  2270 | D:6      | You fall through a shaft!
  2277 | D:7      | Reached *** piety under Cheibriados
  2380 | D:10     | Entered Level 10 of the Dungeon
  2386 | D:9      | Found a staircase to the Lair.
  2413 | Lair:1   | Entered Level 1 of the Lair of Beasts
  2468 | Lair:1   | Noticed bosm's ghost (journeyman OpTm)
  2480 | Lair:2   | Noticed a spiny frog
  2483 | Lair:2   | Killed a spiny frog
  2483 | Lair:2   | Reached skill level 8 in Necromancy
  2490 | Lair:2   | Noticed a spiny frog
  2498 | Lair:2   | Noticed a komodo dragon
  2499 | Lair:2   | Noticed a six-headed hydra
  2509 | Lair:2   | Was placed under penance by Cheibriados
  2511 | Lair:2   | Slain by a six-headed hydra

Skill      XL: |  1  2  3  4  5  6  7  8  9 |
---------------+----------------------------+-----
Spellcasting   | 5 6 |  6.6
Invocations    | 1 2 3 4 |  4.6
Fighting       | 1 2 3 4 |  4.2
Short Blades   | 1 2 3 4 |  4.2
Long Blades    | 1 2 3 4 |  4.2
Axes           | 1 2 3 4 |  4.2
Maces & Flails | 1 2 3 4 |  4.2
Polearms       | 1 2 3 4 |  4.2
Staves         | 1 2 3 4 |  4.2
Slings         | 1 2 3 4 |  4.2
Bows           | 1 2 3 4 |  4.2
Crossbows      | 1 2 3 4 |  4.2
Throwing       | 1 2 3 4 |  4.2
Armour         | 1 2 3 4 |  4.2
Shields        | 1 2 3 4 |  4.2
Unarmed Combat | 1 2 3 4 |  4.2
Evocations     | 1 2 3 4 |  4.2
Conjurations   | 1 2 3 |  3.5
Hexes          | 1 2 3 |  3.5
Charms         | 1 2 3 |  3.5
Summonings     | 1 2 3 |  3.5
Translocations | 1 2 3 |  3.5
Transmutations | 1 2 3 |  3.5
Fire Magic     | 1 2 3 |  3.5
Ice Magic      | 1 2 3 |  3.5
Air Magic      | 1 2 3 |  3.5
Earth Magic    | 1 2 3 |  3.5
Poison Magic   | 1 2 3 |  3.5
Dodging        | 5 6 |  6.3
Stealth        | 5 6 |  6.0
Necromancy     | 8 |  8.0

Action                   |  1- 3 |  4- 6 |  7- 9 || total
-------------------------+-------+-------+-------++-------
Melee: Short sword       |     4 |       |       ||     4
       Dagger            |     8 |    43 |    76 ||   127
       Punch             |       |     1 |     1 ||     2
       Bite              |       |     2 |     5 ||     7
 Cast: Pain              |    33 |    16 |    38 ||    87
       Animate Skeleton  |     3 |     6 |     7 ||    16
       Regeneration      |     1 |     1 |     2 ||     4
       Borgnjor's Vile C |       |     2 |    11 ||    13
Evoke: Wand              |       |       |    14 ||    14
  Use: Scroll            |       |     1 |    19 ||    20
       Potion            |       |       |     4 ||     4
 Stab: Sleeping          |     1 |     4 |     8 ||    13
       Distracted        |       |       |     1 ||     1
  Eat: Chunk             |       |     1 |     3 ||     4
       Ration            |       |       |     1 ||     1
Armor: Robe              |     4 |     5 |     6 ||    15
       Leather armour    |       |       |    11 ||    11
Dodge: Dodged            |    14 |    27 |    66 ||   107
Block: Other             |       |       |    18 ||    18
       Buckler           |       |       |    24 ||    24
       Reflection        |       |       |     3 ||     3
